 Dungeon Crawl Stone Soup version 0.29.1-15-g9cfb28693d (webtiles) character file.

Game seed: 11756456750486174124

1675 croobank the Covert (level 9, -5/62 HPs)
             Began as an Octopode Delver on Mar 7, 2023.
             Was an Initiate of Gozag.
             Slain by a wyvern (15 damage)
             ... on level 6 of the Dungeon.
             The game lasted 00:11:18 (7243 turns).

croobank the Covert (Octopode Delver)               Turns: 7243, Time: 00:11:18

Health: -5/62      AC:  1    Str: 12    XL:     9   Next: 1%
Magic:  9/9        EV: 15    Int: 16    God:    Gozag
Gold:   299        SH:  0    Dex: 13    Spells: 5/8 levels left

rFire   . . .      SeeInvis .   h - +0 trident (vorpal)
rCold   . . .      Faith    .   (no shield)
rNeg    . . .      Spirit   .   (helmet restricted)
rPois   .          Reflect  .   (no amulet)
rElec   .          Harm     .   (no ring)
rCorr   .          Rampage  .   (no ring)
Will    .....                   (no ring)
Stlth   +++++.....              (no ring)
HPRegen 0.20/turn               (no ring)
MPRegen 0.11/turn               (no ring)
                                (no ring)
                                (no ring)

@: no status effects
A: almost no armour, amphibious, 8 rings, camouflage 1, gelatinous body 1,
(nimble swimmer 1), tentacles
a: Renounce Religion, Potion Petition, Call Merchant, Bribe Branch


You were on level 6 of the Dungeon.
You worshipped Gozag.
Gozag was aware of your devotion.
You visited 2 branches of the dungeon, and saw 7 of its levels.

You collected 387 gold pieces.
You paid 88 gold pieces to Gozag.

Inventory:

Hand Weapons
 a - a +0 hand axe
 h - a +0 vorpal trident (weapon)
 u - a +0 dagger
 y - a +0 whip of flaming
Missiles
 v - 3 poisoned darts (quivered)
 w - 2 boomerangs
 x - 2 throwing nets
Jewellery
 s - a ring of ice
 C - a ring of positive energy
Wands
 f - a wand of digging (3)
 g - a wand of mindburst (6)
 n - a wand of charming (9)
Scrolls
 b - a scroll of fog
 c - a scroll of magic mapping
 d - a scroll of blinking
 j - a scroll of enchant armour
 m - a scroll of vulnerability
 t - a scroll of teleportation
 z - a scroll of identify
Potions
 e - 2 potions of haste
 i - 2 potions of lignification
 k - a potion of curing
 l - 2 potions of mutation
 o - a potion of flight
 p - a potion of heal wounds
 q - 2 potions of berserk rage {unknown}
 r - 2 potions of might
 A - 2 potions of cancellation {unknown}
 B - 3 potions of attraction {unknown}


   Skills:
 + Level 6.3 Fighting
 + Level 5.8 Axes
 + Level 5.9 Dodging
 + Level 10.3 Stealth
 * Level 0.0 Spellcasting
 * Level 0.0 Ice Magic


You had 5 spell levels left.
You knew the following spells:

 Your Spells              Type           Power      Damage    Failure   Level
a - Frozen Ramparts       Ice            0%         1d1       58%         3

Your spell library contained the following spells:

 Spells                   Type           Power      Damage    Failure   Level
 Freeze                   Ice            0%         1d3       26%         1
 Magic Dart               Conj           0%         1d3       26%         1
 Shock                    Conj/Air       0%         1d3       26%         1
 Call Imp                 Summ           0%         N/A       36%         2
 Ensorcelled Hibernation  Hex/Ice        0%         N/A       36%         2
 Mephitic Cloud           Conj/Pois/Air  0%         N/A       58%         3
 Spider Form              Tmut/Pois      0%         N/A       58%         3
 Swiftness                Air            0%         N/A       58%         3
 Tukima's Dance           Hex            0%         N/A       58%         3
 Airstrike                Air            0%         2d(0-16)  94%         4
 Anguish                  Hex/Necr       0%         N/A       94%         4
 Hailstorm                Conj/Ice       0%         3d3       94%         4
 Passage of Golubria      Tloc           0%         N/A       94%         4
 Yara's Violent Unravell  Hex/Tmut       0%         3d3       100%        5


Dungeon Overview and Level Annotations

Branches:
Dungeon (6/15)             Temple (1/1) D:4

Altars:
Ashenzari
Dithmenos
Elyvilon
Fedhas
Gozag
Hepliaklqana
Kikubaaqudgha
Okawaru
Qazlal
Ru
Sif Muna
Trog
Uskayaw
Xom
Yredelemnul
Zin
The Shining One

Annotations:
D:3 1 runed translucent door, Crazy Yiuf


Innate Abilities, Weirdness & Mutations

You cannot wear most types of armour.
You are amphibious.
You can wear up to eight rings at the same time.
Your skin changes colour to match your surroundings (Stealth+).
Your rubbery body absorbs attacks. (AC +1, EV +1)
((You are camouflaged when in or above water. (Stealth+)))
You have tentacles for arms and can constrict up to eight enemies at once.


Message History

Your experience leads to an increase in your attributes!
Increase (S)trength, (I)ntelligence, or (D)exterity?
You feel clever. x2
You now have 299 gold pieces (gained 4).
B - 3 fuming yellow potions (gained 1)
A wyvern comes into view.
The wyvern moves out of view.
Okay, then.
This spell is quite dangerous to cast!
Memorise Frozen Ramparts, consuming 3 spell levels and leaving 5?
You start memorising the spell.
You continue memorising. x3
You finish memorising.
Spell assigned to 'a'.
Reach: h) +0 trident (vorpal)
Press: ? - help, Dir - move target, f - you
Okay, then.
No target in view!
No target in view!
No target in view!
No target in view!
No target in view!
Found an emerald potion.
You reach to attack!
You barely miss the wyvern.
The wyvern hisses angrily.
The wyvern barely misses you.
You closely miss the wyvern. The wyvern bites you!
The wyvern barely misses you.
You closely miss the wyvern. The wyvern bites you.
You closely miss the wyvern. Your squeeze misses the wyvern.
The wyvern bites you! The wyvern completely misses you.
You hit the wyvern.
The wyvern is lightly wounded.
The wyvern barely misses you. The wyvern bites you!
You are too injured to fight recklessly!
You hit the wyvern but do no damage.
The wyvern is lightly wounded.
The wyvern bites you!
* * * LOW HITPOINT WARNING * * *
The wyvern bites you!
You die...
Your body crumbles into a pile of gold.

...#.# ...#.# ..#
.....#### ### ..#
........# #.# ...#
...###..## ##.## ...
... ##..# #...# ...
.......#.###.#.###!#
.#######..#..#..#l.#
. ##...###.@.# #...#
#...# ##.## ##.##
### ###


You could see a wyvern.

Vanquished Creatures
  Pikel (D:5)
  An ice beast (D:6)
  3 black bears
  4 scorpions
  A necrophage (D:5)
  A howler monkey (D:5)
  3 hounds
  2 jellies (D:5)
  An orc priest (D:3)
  2 iguanas
  5 orc wizards
  3 gnolls (D:4)
  2 adders (D:5)
  2 ufetubi
  A worm (D:2)
  A dart slug (D:2)
  25 orcs
  4 endoplasms
  3 giant cockroaches
  7 goblins
  5 hobgoblins
  8 jackals (D:4)
  4 quokkas
  10 ball pythons
  3 bats
  3 frilled lizards
  5 kobolds
  7 rats
117 creatures vanquished.

Notes
Turn   | Place    | Note
-------+----------+-------------------------------------------
     0 | D:5      | croobank the Octopode Delver began the quest for the Orb.
     0 | D:5      | Reached XP level 1. HP: 16/16 MP: 1/1
     5 | D:6      | Noticed an ice beast
    17 | D:5      | Noticed a howler monkey
    51 | D:5      | Reached XP level 2. HP: 15/21 MP: 2/2
   556 | D:3      | Identified the +2 pair of boots of Servitude {rCorr Dex+4}
   732 | D:1      | Reached XP level 3. HP: 26/26 MP: 3/3
   832 | D:1      | Reached skill level 7 in Stealth
  2118 | D:3      | Reached XP level 4. HP: 31/31 MP: 4/4
  2232 | D:3      | Found a runed translucent door.
  2233 | D:3      | Noticed Crazy Yiuf
  2985 | D:3      | Reached XP level 5. HP: 34/37 MP: 5/5
  3570 | D:4      | Reached XP level 6. HP: 30/43 MP: 6/6
  3671 | D:4      | Reached skill level 8 in Stealth
  3903 | D:4      | Noticed a black bear
  3912 | D:4      | HP: 1/43 [iguana (13)]
  4226 | D:4      | Killed a black bear
  4756 | D:4      | Found a staircase to the Ecumenical Temple.
  4794 | Temple   | Entered the Ecumenical Temple
  4965 | D:4      | Reached XP level 7. HP: 37/49 MP: 7/7
  5521 | D:5      | Reached skill level 5 in Fighting
  5746 | D:5      | Reached skill level 9 in Stealth
  5876 | D:5      | Noticed Pikel
  5883 | D:5      | Killed Pikel
  5884 | D:5      | Reached skill level 5 in Axes
  5884 | D:5      | Reached skill level 5 in Dodging
  5884 | D:5      | Reached XP level 8. HP: 15/57 MP: 8/8
  6268 | D:5      | Found an opulent altar of Gozag.
  6276 | D:5      | Became a worshipper of Gozag Ym Sagoz the Greedy
  6358 | D:5      | Found a white marble altar of Elyvilon.
  6706 | D:6      | Reached skill level 10 in Stealth
  7122 | D:6      | Reached XP level 9. HP: 44/62 MP: 9/9
  7232 | D:6      | Learned a level 3 spell: Frozen Ramparts
  7243 | D:6      | Slain by a wyvern

Illustrated notes

Levels and vault maps discovered:
D:1:      shiori_shiawase, layout_loops_ring
D:2:      layout_basic
D:3:      layout_loops_corners, uniq_crazy_yiuf_cottage
D:4:      layout_gridville, minmay_temple_entry_drinking_statues
D:5:      layout_loops_ring, nicolae_elyvilon_temple_path, lemuel_crystal_altar,
          uniq_pikel
D:6:      layout_basic, serial_curves, eino_curves_03, eino_curves_01
Temple:   nicolae_temple_bog_church

Skill      XL: |  1  2  3  4  5  6  7  8 |
---------------+-------------------------+-----
Stealth        | 7 8 9 10 | 10.3
Dodging        | 3 4 5 |  5.9
Axes           | 3 5 |  5.8
Fighting       | 4 5 6 |  6.3

Action                   |  1- 3 |  4- 6 |  7- 9 || total
-------------------------+-------+-------+-------++-------
Melee: Hand axe          |     7 |       |       ||     7
       Tentacles         |    11 |    12 |    24 ||    47
       Constrict         |    13 |    17 |    16 ||    46
       Trident           |    72 |   104 |    97 ||   273
       Punch             |       |     3 |     2 ||     5
  Use: Scroll            |     1 |     1 |    12 ||    14
       Potion            |       |       |     3 ||     3
 Stab: Sleeping          |    23 |    15 |    13 ||    51
       Distracted        |       |       |     1 ||     1
Armor: Skin              |     2 |     3 |     1 ||     6
Dodge: Dodged            |    28 |    62 |    64 ||   154
